 Dungeon Sprint DCSS version 0.20.1-1-g8b1a95d (console) character file.

3300000 hilaritas the Axe Maniac (level 27, -3/249 HPs)
             Began as a Formicid Fighter on Jan 1, 2018.
             Was the Champion of Makhleb.
             Slain by a destroyer
             ... wielding a +9 great sword of slicing
              (39 damage)
             ... in the Dungeon (Sprint VIII: "Arena of Blood").
             The game lasted 00:02:36 (33 turns).

hilaritas the Axe Maniac (Formicid Fighter)           Turns: 33, Time: 00:02:37

Health: -3/249     AC: 13    Str: 33    XL:     27
Magic:  22/54      EV: 24    Int:  9    God:    Makhleb [******]
Gold:   0          SH: 19    Dex: 10    Spells: 80/80 levels left

rFire    . . .     SeeInvis +   l - +∞ Axe of Woe
rCold    . . .     Gourm    .   c - +0 shield
rNeg     . . .     Faith    .   b - +0 scale mail
rPois    .         Spirit   .   (helmet unavailable)
rElec    .         Reflect  .   (no cloak)
rCorr    .         Harm     .   (no gloves)
MR       ++...                  (no boots)
Stlth    ++++++++..             (no amulet)
Regen    0.6/turn               (no ring)
MPRegen  0.4/turn               (no ring)

@: no status effects
A: permanent stasis, dig shafts and tunnels, four strong arms, antennae 3
a: Dig, Minor Destruction, Lesser Servant of Makhleb, Major Destruction, Greater
Servant of Makhleb, Renounce Religion


You were in the Dungeon.
You worshipped Makhleb.
Makhleb was exalted by your worship.
You were not hungry.

You visited 1 branch

Inventory:

Hand Weapons
 a - a +0 war axe
 l - the +∞ Axe of Woe (weapon)
   (You found it in the Dungeon)
Armour
 b - a +0 scale mail (worn)
 c - a +0 shield (worn)
Scrolls
 k - a scroll of blinking
Potions
 d - a potion of might
 e - a potion of curing
 g - a potion of heal wounds
 h - a potion of haste
 i - 2 potions of magic
 j - a potion of berserk rage
Comestibles
 f - a bread ration


   Skills:
 O Level 27 Fighting
 O Level 27 Axes
 O Level 27 Throwing
 O Level 27 Armour
 O Level 27 Dodging
 O Level 27 Stealth
 O Level 27 Shields
 O Level 27 Unarmed Combat
 O Level 27 Spellcasting
 O Level 27 Invocations


You had 80 spell levels left.
You didn't know any spells.

Dungeon Overview and Level Annotations

Branches:
Dungeon (1/1)

Altars:
Makhleb


Innate Abilities, Weirdness & Mutations

You cannot be hasted, slowed, berserked, paralysed or teleported.
You can dig through walls and to a lower floor.
Your four strong arms can wield two-handed weapons with a shield.
You have a pair of large antennae on your head. (SInv)


Message History

You feel stronger.
You slice the meat berserker!!
You cleave the meat berserker in twain.
You kill the meat berserker!
Makhleb accepts your kill.
You are engulfed in blazing flames.
You hear two shouts!
You hear a shout! x3
The bag of meat is engulfed in blazing flames.
The destroyer blinks!
A bag of meat comes into view. It is wielding a +9 war axe.
You are engulfed in blazing flames.
You hear a shout! x3
The destroyer blinks!
You hear a shout! x2
The bag of meat hits you with a +9 war axe!!
The sculptor of flesh appears out of thin air!
A sculptor of flesh comes into view. It is wielding a +9 great sword.
The destroyer hits you with a +9 great sword of slicing!!!!!
Ouch! That really hurt!
* * * LOW HITPOINT WARNING * * *
You die...

..... ...#
....#{..........# .....
....###......... .....
###...........o.###§....
._......................
...o#......z#.#.........
.<._#.......o..oO......=
...)#..))))#o#o#V.......
._..)))....o)ooo@.......
###.)...)..)#o#o#V.#....
.....###......oO§.#... .
.....#..........o..#....
.....#.....o...o..#o....
....................O...
o......o.#...#...§..## .
..o.....#....#....o##


You could see 2 destroyers, a sculptor of flesh (wandering), 2 large bags of
meat, a meat berserker (berserk) and 16 bags of meat.

Vanquished Creatures
  A vampire knight (D)
  17 ogres (D)
  2 two-headed ogres (D)
  19 orcs (D)
39 creatures vanquished.

Notes
Turn   | Place    | Note
-------+----------+-------------------------------------------
     0 | D        | hilaritas the Formicid Fighter began the quest for the Orb.
     0 | D        | Reached XP level 1. HP: 18/18 MP: 1/1
     3 | D        | Noticed a bag of meat
     4 | D        | Noticed a bag of meat
     4 | D        | Noticed a bag of meat
     4 | D        | Became a worshipper of Makhleb the Destroyer
     5 | D        | Noticed a bag of meat
     5 | D        | Noticed a bag of meat
     6 | D        | Noticed a bag of meat
     7 | D        | Killed a bag of meat
     7 | D        | Reached XP level 2. HP: 24/24 MP: 2/2
     7 | D        | Reached XP level 3. HP: 29/29 MP: 3/3
     7 | D        | Reached XP level 4. HP: 35/35 MP: 4/4
     7 | D        | Reached XP level 5. HP: 41/41 MP: 5/5
     7 | D        | Reached XP level 6. HP: 47/47 MP: 6/6
     7 | D        | Reached XP level 7. HP: 52/52 MP: 7/7
     7 | D        | Reached XP level 8. HP: 58/58 MP: 8/8
     7 | D        | Reached XP level 9. HP: 64/64 MP: 9/9
     7 | D        | Reached XP level 10. HP: 70/70 MP: 10/10
     7 | D        | Reached XP level 11. HP: 75/75 MP: 11/11
     7 | D        | Reached XP level 12. HP: 81/81 MP: 12/12
     8 | D        | Noticed a bag of meat
     8 | D        | Noticed a meat berserker
     8 | D        | Noticed a meat berserker
     8 | D        | Killed a bag of meat
     8 | D        | Reached * piety under Makhleb
     8 | D        | Reached skill level 27 in Axes
     8 | D        | Reached skill level 15 in Fighting
     8 | D        | Reached XP level 13. HP: 117/117 MP: 13/13
     8 | D        | Killed a bag of meat
     8 | D        | Reached XP level 14. HP: 139/139 MP: 14/14
    10 | D        | Noticed a bag of meat
    10 | D        | Noticed a bag of meat
    10 | D        | Killed a bag of meat
    10 | D        | Reached XP level 15. HP: 110/155 MP: 15/15
    11 | D        | Noticed a meat berserker
    11 | D        | Killed a meat berserker
    11 | D        | Reached ** piety under Makhleb
    11 | D        | Reached skill level 27 in Fighting
    11 | D        | Reached XP level 16. HP: 139/167 MP: 16/16
    13 | D        | Noticed a meat berserker
    13 | D        | Killed a meat berserker
    13 | D        | Reached skill level 27 in Shields
    13 | D        | Reached XP level 17. HP: 174/174 MP: 17/17
    15 | D        | Reached *** piety under Makhleb
    16 | D        | Noticed a meat berserker
    16 | D        | Reached XP level 18. HP: 182/182 MP: 18/18
    16 | D        | Killed a meat berserker
    16 | D        | Reached skill level 27 in Armour
    16 | D        | Reached skill level 15 in Dodging
    18 | D        | Noticed a meat berserker
    18 | D        | Noticed a meat berserker
    18 | D        | Noticed a meat berserker
    18 | D        | Killed a meat berserker
    18 | D        | Reached **** piety under Makhleb
    18 | D        | Reached XP level 19. HP: 167/189 MP: 19/19
    19 | D        | Noticed a meat berserker
    20 | D        | Noticed a meat berserker
    21 | D        | Noticed a meat berserker
    21 | D        | Noticed a meat berserker
    21 | D        | Noticed a meat berserker
    21 | D        | Killed a meat berserker
    21 | D        | Reached skill level 27 in Dodging
    21 | D        | Reached XP level 20. HP: 197/197 MP: 19/35
    22 | D        | Noticed a meat berserker
    23 | D        | Noticed a meat berserker
    23 | D        | Noticed a large bag of meat
    23 | D        | Noticed a large bag of meat
    23 | D        | Killed a meat berserker
    23 | D        | Reached ***** piety under Makhleb
    23 | D        | Reached skill level 27 in Invocations
    23 | D        | Reached XP level 21. HP: 204/204 MP: 19/38
    23 | D        | Killed a meat berserker
    23 | D        | Reached skill level 27 in Stealth
    24 | D        | Noticed a meat berserker
    24 | D        | Noticed a meat berserker
    24 | D        | Noticed a destroyer
    25 | D        | Killed a meat berserker
    25 | D        | Killed a meat berserker
    25 | D        | Reached XP level 22. HP: 212/212 MP: 19/43
    25 | D        | Killed a meat berserker
    25 | D        | Killed a meat berserker
    25 | D        | Reached XP level 23. HP: 219/219 MP: 19/50
    27 | D        | Reached ****** piety under Makhleb
    27 | D        | Reached skill level 27 in Throwing
    27 | D        | Reached skill level 27 in Unarmed Combat
    27 | D        | Reached skill level 27 in Spellcasting
    27 | D        | Reached XP level 24. HP: 227/227 MP: 20/54
    28 | D        | Killed a large bag of meat
    28 | D        | Reached XP level 25. HP: 234/234 MP: 20/54
    29 | D        | Noticed a large bag of meat
    30 | D        | Reached XP level 26. HP: 242/242 MP: 21/54
    31 | D        | Noticed a destroyer
    31 | D        | Noticed a destroyer
    32 | D        | Killed a large bag of meat
    32 | D        | Killed a destroyer
    32 | D        | Reached XP level 27. HP: 249/249 MP: 21/54
    33 | D        | Slain by a destroyer

Skill      XL: |  1  2  3  4  5  6  7  8  9 10 11 12 13 14 15 16 17 18 19 20 21 22 23 |
---------------+----------------------------------------------------------------------+-----
Axes           | 25 27 | 27.0
Fighting       | 15 21 25 27 | 27.0
Shields        | 20 27 | 27.0
Armour         | 17 25 27 | 27.0
Dodging        | 22 27 | 27.0
Invocations    | 22 27 | 27.0
Stealth        | 22 27 | 27.0
Throwing       | 18 23 27 | 27.0
Unarmed Combat | 17 23 27 | 27.0
Spellcasting   | 17 23 27 | 27.0

Action                   |  1- 3 |  4- 6 |  7- 9 | 10-12 | 13-15 | 16-18 | 19-21 | 22-24 | 25-27 || total
-------------------------+-------+-------+-------+-------+-------+-------+-------+-------+-------++-------
Melee: Executioner's axe |     1 |       |       |     1 |     2 |     4 |     3 |     2 |     2 ||    15
Dodge: Dodged            |       |       |       |     1 |       |       |       |     1 |     1 ||     3
Block: Shield            |       |       |       |       |       |     1 |     1 |       |     3 ||     5
